AoeStats
← [NOE] Jupiter

Oasis

508625404Analyzed
2v2 RM · 10d ago on Sep 23, 2026· 37m 32s· 4 players
Game mode
Random Map
Map size
Medium (4 player)
Population
200
Speed
Normal
Resources
Standard
Victory
Conquest
Starting age
Dark Age
Ending age
Imperial Age
RankedLock teamsTeams togetherTeam positionsShared explorationLock speedFull tech treeHidden civsTurbo modeCheats
Victory
Defeat
🇫🇷 Magyars · France
1490
+13
🇫🇷 Georgians · France
1458
+14
🇦🇺 Mapuche · Australia
1459
-15
🇦🇺 Italians · Australia
1375
-12
[NOE] Jupiter
7:36 Loom
9:33 Feudal Age
10:48 Double-Bit Axe
12:03 Horse Collar
14:48 Bloodlines
16:01 Scale Barding Armor
17:03 Forging
17:41 Fletching
20:29 Wheelbarrow
22:46 Castle Age
23:54 Bodkin Arrow
24:34 Bow Saw
24:50 Husbandry
27:55 Gold Mining
28:50 Ballistics
28:50 Heavy Plow
29:13 Padded Archer Armor
29:43 Hand Cart
33:23 Chain Barding Armor
39:30 Imperial Age
38:16 Iron Casting
[NOE] Lyrendir
9:56 Feudal Age
14:26 Wheelbarrow
13:40 Double-Bit Axe
19:05 Castle Age
16:55 Horse Collar
18:11 Gold Mining
19:05 Loom
20:14 Bow Saw
20:06 Heavy Plow
21:09 Bloodlines
21:00 Husbandry
21:16 Scale Barding Armor
28:32 Fletching
29:35 Elite Skirmisher
30:47 Bodkin Arrow
31:17 Light Cavalry
33:07 Hand Cart
33:15 Ballistics
35:38 Imperial Age
33:44 Masonry
33:18 Treadmill Crane
33:30 Stone Mining
34:18 Town Watch
35:08 Padded Archer Armor
35:29 Chain Barding Armor
36:54 Parthian Tactics
36:36 Thumb Ring
37:34 Chemistry
36:40 Siege Engineers
37:49 Two-Man Saw
37:17 Bracer
CoreLock
0:54 Loom
9:43 Feudal Age
10:16 Double-Bit Axe
18:15 Castle Age
17:12 Fletching
17:48 Horse Collar
19:34 Wheelbarrow
19:02 Bodkin Arrow
19:43 Crossbowman
26:16 Bow Saw
26:50 Stone Mining
27:08 Gold Mining
30:13 Padded Archer Armor
30:46 Ballistics
30:59 Town Watch
32:14 Hand Cart
33:03 Husbandry
33:45 Leather Archer Armor
34:24 Scale Barding Armor
34:32 Bloodlines
35:06 Forging
FC | MASH
8:04 Loom
10:59 Feudal Age
11:06 Champi Runner
13:07 Double-Bit Axe
15:11 Scale Mail Armor
15:29 Arson
21:27 Forging
21:31 Fletching
24:12 Castle Age
22:15 Padded Archer Armor
22:00 Horse Collar
23:19 Gold Mining
25:14 Chain Mail Armor
24:21 Champi Warrior
26:58 Leather Archer Armor
27:27 Elite Skirmisher
32:07 Wheelbarrow
33:15 Hand Cart
37:53 Imperial Age
36:30 Masonry
Connection lost

Rejoining the realm…

Still unreachable

The connection could not be restored.

Session expired

The server has moved on; the page needs a fresh start.